 Dungeon Crawl Stone Soup version 0.31-a0-426-g3a05650e59 (webtiles) character file.

Game seed: 9055759309565841645

8 CraigForest the Ducker (level 2, 0/19 HPs)
             Began as a Tengu Monk on July 31, 2023.
             Killed from afar by Natasha (12 damage)
             ... with a puff of flame
             ... on level 2 of the Dungeon.
             The game lasted 00:01:45 (234 turns).

CraigForest the Ducker (Tengu Monk)                  Turns: 234, Time: 00:01:46

Health: 0/19       AC:  5    Str: 11    XL:     2   Next: 8%
Magic:  3/3        EV: 13    Int: 10    God:
Gold:   65         SH:  0    Dex: 16    Spells: 1/1 levels left

rFire   . . .        a - +0 falchion
rCold   . . .        d - orb {light}
rNeg    . . .        b - +0 robe
rPois   .            (helmet restricted)
rElec   .            f - +0 cloak
rCorr   .            e - +1 pair of gloves
SInv    .            (boots unavailable)
Will    .....        (no amulet)
Stlth   +            (no ring)
HPRegen 0.23/turn    (no ring)
MPRegen 0.08/turn

%: no passive effects
@: glowing
A: beak, talons 3
a: no special abilities


You were on level 2 of the Dungeon.
You visited 1 branch of the dungeon, and saw 2 of its levels.

You collected 65 gold pieces.

Inventory:

Hand Weapons
 a - a +0 falchion (weapon)
Armour
 b - a +0 robe (worn)
 d - an orb of light (worn)
 e - a +1 pair of gloves (worn)
 f - a +0 cloak (worn)
Scrolls
 h - a scroll of identify {unknown}
Potions
 c - a potion of ambrosia
 g - a potion of attraction {unknown}
 i - a potion of degeneration {unknown}


   Skills:
 + Level 3.2 Fighting
 + Level 3.5 Long Blades
 + Level 3.5 Dodging


You had one spell level left.
You didn't know any spells.
Your spell library was empty.

Dungeon Overview and Level Annotations

Branches:
Dungeon (1/15)

Altars:

Annotations:
D:2 Natasha


Innate Abilities, Weirdness & Mutations

You have a beak for a mouth.
You have claws for feet.


Message History

g - a silvery potion You now have 23 gold pieces (gained 9).
h - a scroll labelled AFOTEG XARUAR An endoplasm comes into view.
You slash the endoplasm!
You kill the endoplasm!
You have reached level 2!
Found a stone staircase leading down.
i - a viscous brown potion
There is a stone staircase leading down here.
Found 4 stones.
You now have 36 gold pieces (gained 13).
You see here 4 stones.
Found 8 stones.
No target in view!
A goblin comes into view. It is wielding a +0 dagger.
The goblin shouts!
You see here a stone.
The goblin misses you.
You hit the goblin.
The goblin is moderately wounded.
The goblin hits you with a +0 dagger.
You hit the goblin.
You kill the goblin!
No target in view!
Found a hand axe.
You now have 45 gold pieces (gained 9).
You now have 54 gold pieces (gained 9).
You now have 65 gold pieces (gained 11).
A sourceless malevolence fills the Dungeon...
You fall into a shaft and drop 1 floor!
The shaft crumbles and collapses.
Natasha, Servant of Life and Death comes into view.
She is carrying a wand of flame.
Natasha hisses angrily.
Natasha zaps a wand.
The puff of flame hits you.
Natasha zaps a wand.
The puff of flame misses you.
Natasha zaps a wand.
The puff of flame hits you.
Natasha zaps a wand.
The puff of flame hits you!
Ouch! That really hurt!
You die...

#### #.. #.#
#..######.########
#............@.h.#
################.....
###


You could see Natasha.

Vanquished Creatures
  A dart slug (D:1)
  A ball python (D:1)
  An endoplasm (D:1)
  A goblin (D:1)
  A hobgoblin (D:1)
5 creatures vanquished.

Notes
Turn   | Place    | Note
-------+----------+-------------------------------------------
     0 | D:1      | CraigForest the Tengu Monk began the quest for the Orb.
     0 | D:1      | Reached XP level 1. HP: 14/14 MP: 2/2
    82 | D:1      | Reached XP level 2. HP: 19/19 MP: 3/3
   227 | D:1      | You fall into a shaft and drop 1 floor!
   230 | D:2      | Noticed Natasha
   234 | D:2      | Killed from afar by Natasha

Illustrated notes

Levels and vault maps discovered:
D:1:      erik_arrival_blinker_ship, layout_loops_ring,
          shapermc_ecumenical_altar_venn
D:2:      layout_loops_ring, moated_statue, kennysheep_cross_room, uniq_natasha,
          uniq_jessica

Action                     || total
---------------------------++-------
  Melee: Falchion          ||     9
         Peck              ||     4
         Kick              ||     1
  Dodge: Dodged            ||     5

Table legend: (Time is in decaauts)
 A = Elapsed time spent in this place.
 B = Non-inter-level travel time spent in this place.
 C = Inter-level travel time spent in this place.
 D = Time resting spent in this place.
 E = Time spent auto-exploring this place.
 F = Levels seen in this place.
 G = Mean time per level.
                   A        B        C        D        E       F      G
               +--------+--------+--------+--------+--------+-----+--------+
         Total |    234 |    183 |     51 |      0 |    136 |   2 |  117.0 |
       Dungeon |    234 |    183 |     51 |      0 |    136 |   2 |  117.0 |
               +--------+--------+--------+--------+--------+-----+--------+

Top non-repeatable levels by time:
     D:1: 228 daAuts
     D:2: 6 daAuts
